 Dungeon Crawl Stone Soup version 0.30-a0-847-g17996783a1 (webtiles) character file.

Game seed: 8443209007553232971

15319 Firecrotchwizard the Thaumaturge (level 12, -2/91 HPs)
             Began as a Djinni Fire Elementalist on Mar 4, 2023.
             Was an Elder of Makhleb.
             Slain by an orc knight
             ... wielding a +0 great mace
              (27 damage)
             ... on level 1 of the Orcish Mines.
             The game lasted 00:54:28 (14290 turns).

Firecrotchwizard the Thaumaturge (DjFE)            Turns: 14290, Time: 00:54:28

Health: -2/91      AC:  8    Str:  7    XL:     12   Next: 56%
Gold:   1229       EV: 16    Int: 22    God:    Makhleb [****..] SH:  0 Dex: 14

rFire   + + .      SeeInvis .    g - +3 demon whip (drain)
rCold   x . .      Faith    .    (no shield)
rNeg    . . .      Spirit   .    F - +0 acid dragon scales
rPois   ∞          Reflect  .    G - +1 helmet
rElec   .          Rampage  .    (no cloak)
rCorr   +                        (no gloves)
Will    +....                    (boots unavailable)
Stlth   +                        (no amulet)
HPRegen 0.35/turn                E - +5 ring of evasion
MPRegen 0.00/turn                Z - ring of wizardry {Wiz+, !d}

@: flying
A: sickness immunity, fire resistance 2, cold vulnerability 1, float, innate
caster, HP casting, extra vitality 1
a: Renounce Religion, Minor Destruction, Lesser Servant of Makhleb, Major
Destruction


You were on level 1 of the Orcish Mines.
You worshipped Makhleb.
Makhleb was greatly pleased with you.
You visited 3 branches of the dungeon, and saw 14 of its levels.
You also visited: Ossuary.

You collected 1229 gold pieces.

Inventory:

Hand Weapons
 e - a +0 dagger
   (You took it off a goblin on level 1 of the Dungeon)
 g - a +3 demon whip of draining (weapon)
   (You found it on level 1 of the Dungeon)
 t - a +2 trident of venom
   (You took it off a gnoll sergeant on level 6 of the Dungeon)
 D - a +0 short sword
   (You took it off a kobold on level 1 of the Dungeon)
Missiles
 f - a throwing net {!d}
 k - 5 curare-tipped darts
 l - 6 javelins
 s - 99 stones (quivered)
 u - 110 poisoned darts
 A - 2 boomerangs
 C - a silver boomerang
Armour
 a - a +0 robe
 F - +0 acid dragon scales (worn)
   (You took it off Maggie on level 9 of the Dungeon)
 G - a +1 helmet (worn)
   (You found it on level 9 of the Dungeon)
Magical Staves
 h - a staff of cold {rC+}
   (You found it on level 5 of the Dungeon)
Jewellery
 w - a +6 ring of dexterity
   (You found it on level 3 of the Dungeon)
 E - a +5 ring of evasion (left hand)
   (You found it on level 2 of the Dungeon)
 Z - a ring of wizardry (right hand) {Wiz+, !d}
   (You found it on level 8 of the Dungeon)
Wands
 d - a wand of digging (7)
   (You found it on level 8 of the Dungeon)
 j - a wand of polymorph (5)
   (You took it off an orc warrior on level 10 of the Dungeon)
 q - a wand of flame (5)
   (You found it on level 10 of the Dungeon)
 y - a wand of mindburst (39)
   (You found it on level 7 of the Dungeon)
Scrolls
 c - 2 scrolls of noise {!r}
 n - a scroll of identify {@r1}
 p - 2 scrolls of fog
 r - 2 scrolls of poison
 X - a scroll of magic mapping {@r4!r}
 Y - 4 scrolls of teleportation {@r3}
Potions
 b - a potion of berserk rage {unknown}
 i - a potion of magic {unknown}
 m - a potion of might {unknown}
 o - 4 potions of cancellation
 v - a potion of invisibility {unknown}
 x - a potion of mutation {unknown}
 z - a potion of brilliance {unknown}
 B - 4 potions of attraction {!q}
 H - 3 potions of haste
 J - 3 potions of curing {@q1}
 L - 4 potions of flight
 N - a potion of heal wounds {@q2}
 P - 2 potions of lignification {!q}
 R - 2 potions of resistance


   Skills:
 - Level 9.7 Fighting
 * Level 7.7 Maces & Flails
 - Level 2.6 Dodging
 - Level 1.5 Stealth
 - Level 10.5 Spellcasting
 + Level 5.8 Invocations


You knew the following spells:

 Your Spells              Type           Power      Damage    Failure   Level
a - Foxfire               Conj/Fire      100%       2x1d9     1%          1
b - Scorch                Fire           100%       2d10      1%          2
c - Kindle Blastsparks    Fire/Tloc/Air  100%       2d18      1%          3
d - Inner Flame           Hex/Fire       55%        N/A       1%          3
e - Flame Wave            Conj/Fire      55%        2d13      1%          4
f - Beastly Appendage     Tmut           100%       N/A       1%          1
g - Call Imp              Summ           55%        N/A       1%          2
h - Gell's Gravitas       Tloc           55%        N/A       1%          3
i - Olgreb's Toxic Radia  Pois           55%        N/A       1%          4
w - Passwall              Tmut/Erth      45%        N/A       1%          2
Your spell library was empty.

Dungeon Overview and Level Annotations

Branches:
Dungeon (11/15)            Temple (1/1) D:7             Orc (2/2) D:10
    Elf (0/3) Orc:2       Ossuary (visited)
   Lair: D:8-11

Altars:
Ashenzari
Cheibriados
Dithmenos
Elyvilon
Fedhas
Gozag
Makhleb
Nemelex Xobeh
Qazlal
Ru
Trog
Uskayaw
Wu Jian
Xom
Zin
The Shining One

Annotations:
D:3 2 runed translucent doors, oldplebian's ghost, amateur HOCA


Innate Abilities, Weirdness & Mutations

You are immune to sickness and miasma.
You are immune to poison.
Your flesh is very heat resistant. (rF++)
You are vulnerable to cold. (rC-)
You float through the air rather than walking.
You learn spells naturally, not from books.
Your magical power is your life essence.
You have superior vitality. (+4 MHP)


Message History

The foxfire hits the orc priest.
The foxfire hits the orc priest but does no damage.
The foxfire hits the orc priest!
You kill the orc priest!
Makhleb accepts your kill.
You feel better.
Health restored: 91 You start waiting.
An orc comes into view. It is wielding a +2 whip of venom.
The orc shouts!
The orc throws a boomerang.
The boomerang hits you but does no damage.
The orc throws a boomerang.
The boomerang hits you but does no damage.
You conjure some foxfire!
You take 1 damage, and have 90/91 hp.
You conjure some foxfire!
The orc throws a boomerang.
The boomerang hits you but does no damage.
You conjure some foxfire!
The foxfire hits the orc. x2
The foxfire hits the orc!
You kill the orc!
Makhleb accepts your kill.
You feel better.
You start resting.
Health restored: 91 You start waiting.
An orc knight comes into view. It is wielding a +0 great mace.
You conjure some foxfire!
You take 1 damage, and have 90/91 hp.
You conjure some foxfire!
You take 1 damage, and have 89/91 hp.
You can't see any susceptible monsters within range! (Use Z to cast anyway.)
You conjure some foxfire!
The foxfire hits the orc knight.
The foxfire hits the orc knight but does no damage.
Flames lash the orc knight.
The orc knight's fire resistance burns away.
The foxfire hits the orc knight but does no damage. x2
You take 2 damage, and have 87/91 hp.
You conjure some foxfire!
The foxfire hits the orc knight but does no damage.
Flames lash the orc knight.
The orc knight is burned terribly!
The foxfire hits the orc knight but does no damage.
You take 2 damage, and have 85/91 hp.
The orc knight attacks as you move away!
The orc knight hits you with a +0 great mace!
You take 8 damage, and have 77/91 hp.
The orc knight attacks as you move away!
The orc knight misses you.
You see here a +0 dagger.
Things that are here:
a +0 club; a +2 hand axe of electrocution An orc warrior comes into view.
It is wielding a +0 war axe.
The orc knight is no longer more vulnerable to fire.
Things that are here:
a +0 glaive; a +0 chain mail; a +0 hand axe The orc warrior shouts!
Things that are here:
a +0 morningstar of venom; a +0 plate armour; a +0 short sword
There is a stone staircase leading up here.
The orc warrior misses you. The orc knight misses you.
You fly upwards.
There is a stone staircase leading down here.
You begin to radiate toxic energy.
The orc knight is poisoned.
The orc warrior is poisoned.
The orc knight roars a battlecry!
The orc warrior goes into a battle-frenzy!
The orc warrior completely misses you.
You take 4 damage, and have 78/91 hp.
Your toxic aura wanes.
The orc knight barely misses you.
The orc warrior hits you with a +0 war axe!
You take 11 damage, and have 67/91 hp.
The orc knight hits you with a +0 great mace!
The orc warrior misses you.
You take 12 damage, and have 55/91 hp.
The orc knight hits you with a +0 great mace!!
The orc warrior closely misses you.
You take 23 damage, and have 32/91 hp.
MASSIVE DAMAGE!!
A wave of flame ripples out!
The flame wave engulfs the orc knight.
The flame wave engulfs the orc warrior! (Press . to intensify the flame waves.)
The orc knight looks more healthy.
The orc knight hits you with a +0 great mace.
* * * LOW HITPOINT WARNING * * *
The orc warrior closely misses you.
You take 8 damage, and have 24/91 hp.
A wave of flame ripples out!
The flame wave engulfs the orc knight.
The flame wave engulfs the orc warrior!
You kill the orc warrior!
Makhleb accepts your kill.
You feel better.
* * * LOW HITPOINT WARNING * * *
The orc knight closely misses you.
You regained 2 hp, and now have 26/91 hp.
A wave of flame ripples out!
The flame wave engulfs the orc knight!!
* * * LOW HITPOINT WARNING * * *
You finish channelling waves of flame.
The orc knight hits you with a +0 great mace!!
You die...

.#............[..............##
.....#.#..#...............#.##
.............................#
..........#...............#.##
#.#.........................##
.#........#..................##
....#...............>.........#
................[)...........##
........#.......@o............#
.#.........^..................#
###...........................#
###...................#.......#
#......#..................##.##
..................#.#.#...####
#..##..#...............#.#.##
#......#....................#
##.##.###.##................##


You could see an orc knight.

Vanquished Creatures
  A centaur warrior (D:10)
  A two-headed ogre (Orc:1)
  An ugly thing (D:11)
  Maggie (D:9)
  A kobold demonologist (D:10)
  6 trolls
  3 hornets
  2 wyverns (D:8)
  2 shadows (D:10)
  14 yaks
  4 wargs
  An acid dragon (D:10)
  3 water moccasins
  19 orc warriors
  3 black bears
  2 ogres
  2 centaurs
  3 phantoms (D:6)
  6 elf zombies (Ossuary)
  21 kobold brigands
  2 bullfrogs (D:7)
  A scorpion (D:6)
  2 gnoll sergeants
  13 wights
  4 troll zombies (D:10)
  5 killer bees (D:10)
  2 electric eels (D:8)
  4 howler monkeys
  2 hounds
  A human zombie (Ossuary)
  13 orc priests
  2 jellies
  A sleepcap (D:7)
  5 iguanas
  14 orc wizards
  4 ogre zombies (D:10)
  3 mummies (Ossuary)
  23 gnolls
  5 adders
  2 white imps
  An ufetubus (D:5)
  3 adder zombies (Ossuary)
  5 worms
  A dart slug (D:4)
  50 orcs
  5 bats
  2 endoplasms
  A giant cockroach (D:9)
  13 goblins
  10 hobgoblins
  12 jackals
  17 kobolds
  2 quokkas (D:1)
  7 ball pythons
  2 frilled lizards
  8 goblin zombies
  A hobgoblin skeleton (D:10)
  5 hobgoblin zombies
  3 jackal zombies (Ossuary)
  8 kobold zombies (Ossuary)
  2 orc skeletons (D:10)
  19 orc zombies
  3 quokka zombies (Ossuary)
  4 rats
  A rat zombie (Ossuary)
389 creatures vanquished.

Vanquished Creatures (collateral kills)
  A shadow (D:9)
  An orc (D:5)
2 creatures vanquished.

Vanquished Creatures (others)
  9 bushes (D:7)
  1136 foxfires
1145 creatures vanquished.

Grand Total: 1536 creatures vanquished

Notes
Turn   | Place    | Note
-------+----------+-------------------------------------------
     0 | D:1      | Firecrotchwizard the Djinni Fire Elementalist began the
                  | quest for the Orb.
     0 | D:1      | Firecrotchwizard set off with the following spells
                  | memorised: Foxfire, Scorch, Kindle Blastsparks, Inner
                  | Flame, Flame Wave.
     0 | D:1      | Reached XP level 1. HP: 15/15 MP: 0/0
   156 | D:1      | Found a faded altar of an unknown god.
   173 | D:1      | Reached XP level 2. HP: 20/22 MP: 0/0
   453 | D:1      | Reached XP level 3. HP: 24/26 MP: 0/0
   453 | D:1      | Learned a level 1 spell: Beastly Appendage
   478 | D:1      | Reached skill level 1 in Fighting
  1041 | D:2      | Reached skill level 3 in Spellcasting
  1131 | D:2      | HP: 5/27 [orc/+0 club (3)]
  1133 | D:2      | Reached XP level 4. HP: 7/33 MP: 0/0
  1258 | D:2      | Reached skill level 2 in Fighting
  1394 | D:2      | Reached XP level 5. HP: 37/38 MP: 0/0
  1394 | D:2      | Learned a level 2 spell: Passwall
  1996 | D:3      | Reached skill level 4 in Spellcasting
  2096 | D:3      | Reached XP level 6. HP: 45/45 MP: 0/0
  2376 | D:3      | Found a bloodstained altar of Trog.
  2553 | D:3      | Found a large runed translucent door.
  2553 | D:3      | Found a large runed translucent door.
  2557 | D:3      | Noticed oldplebian's ghost (amateur HOCA)
  2784 | D:4      | Reached skill level 3 in Fighting
  2891 | D:4      | Noticed a black bear
  2897 | D:4      | Killed a black bear
  3217 | D:5      | Entered Level 5 of the Dungeon
  3217 | D:5      | Noticed a hornet
  3229 | D:5      | Killed a hornet
  3230 | D:5      | Reached skill level 4 in Fighting
  3230 | D:5      | Reached skill level 5 in Spellcasting
  3230 | D:5      | Reached XP level 7. HP: 35/52 MP: 0/0
  3230 | D:5      | Learned a level 2 spell: Call Imp
  3542 | D:5      | Reached XP level 8. HP: 46/58 MP: 0/0
  3757 | D:5      | Reached skill level 6 in Spellcasting
  3917 | D:5      | Reached skill level 5 in Fighting
  4238 | D:6      | Noticed a yak
  4239 | D:6      | Found a glowing drain.
  4239 | D:6      | Noticed a yak
  4239 | D:6      | Noticed a yak
  4239 | D:6      | Noticed a yak
  4240 | D:6      | Noticed a yak
  4367 | D:6      | Reached XP level 9. HP: 64/66 MP: 0/0
  4367 | D:6      | Learned a level 3 spell: Gell's Gravitas
  4371 | D:6      | Found a sand-covered staircase.
  4376 | Ossuary  | Entered an ossuary
  4457 | Ossuary  | Reached skill level 6 in Fighting
  4457 | Ossuary  | Reached skill level 7 in Spellcasting
  5150 | D:6      | Reached skill level 8 in Spellcasting
  5457 | D:6      | Reached skill level 7 in Fighting
  5745 | D:6      | Reached XP level 10. HP: 47/75 MP: 0/0
  6322 | D:7      | Found a staircase to the Ecumenical Temple.
  6329 | D:7      | Reached skill level 9 in Spellcasting
  6332 | Temple   | Entered the Ecumenical Temple
  6378 | Temple   | Became a worshipper of Makhleb the Destroyer
  6410 | D:7      | Reached skill level 8 in Fighting
  6858 | D:7      | Found a blossoming altar of Fedhas.
  7129 | D:7      | Found a snail-covered altar of Cheibriados.
  7474 | D:8      | Found a broken altar of Ashenzari.
  7975 | D:8      | Reached * piety under Makhleb
  8342 | D:9      | Noticed Maggie
  8353 | D:9      | Killed Maggie
  8354 | D:9      | Reached skill level 10 in Spellcasting
  8405 | D:9      | Reached skill level 9 in Fighting
  8455 | D:9      | Reached XP level 11. HP: 75/84 MP: 0/0
  8455 | D:9      | Learned a level 4 spell: Olgreb's Toxic Radiance
  8497 | D:9      | Found an ornate altar of the Wu Jian Council.
  8854 | D:9      | Found a sacrificial altar of Ru.
  9170 | D:10     | Entered Level 10 of the Dungeon
  9202 | D:10     | Reached skill level 1 in Maces & Flails
  9233 | D:10     | Found a white marble altar of Elyvilon.
  9249 | D:10     | Reached skill level 2 in Maces & Flails
  9303 | D:10     | Found a sparkling altar of Nemelex Xobeh.
  9562 | D:10     | Reached ** piety under Makhleb
  9842 | D:10     | Reached skill level 3 in Maces & Flails
  9843 | D:10     | Reached skill level 1 in Invocations
  9925 | D:10     | Noticed a centaur warrior
  9931 | D:10     | Killed a centaur warrior
  9932 | D:10     | Reached skill level 4 in Maces & Flails
  9932 | D:10     | Reached skill level 2 in Invocations
  9937 | D:10     | Reached skill level 3 in Invocations
  9940 | D:10     | Reached skill level 5 in Maces & Flails
 10167 | D:10     | Identified the +1 long sword "Lifebane" {vamp, *Corrode
                  | rPois Will+ Int+5}
 10215 | D:10     | Reached *** piety under Makhleb
 10324 | D:10     | Found a staircase to the Orcish Mines.
 10497 | D:10     | Found a hide-covered altar of Uskayaw.
 10733 | D:11     | Noticed a red ugly thing
 10752 | D:11     | Killed a red ugly thing
 10753 | D:11     | Reached skill level 4 in Invocations
 10753 | D:11     | Reached XP level 12. HP: 50/91 MP: 0/0
 11440 | Orc:1    | Entered Level 1 of the Orcish Mines
 11472 | Orc:1    | HP: 20/91 [orc warrior/+0 long sword (8)]
 11474 | Orc:1    | HP: 6/91 [orc warrior/+0 long sword (8)]
 11475 | Orc:1    | Reached **** piety under Makhleb
 11789 | Orc:1    | Reached skill level 6 in Maces & Flails
 11956 | Orc:1    | Noticed a two-headed ogre
 11965 | Orc:1    | Killed a two-headed ogre
 12293 | Orc:2    | Entered Level 2 of the Orcish Mines
 12309 | Orc:2    | Reached skill level 5 in Invocations
 12404 | Orc:2    | Reached skill level 7 in Maces & Flails
 12797 | Orc:2    | Found a staircase to the Elven Halls.
 13063 | Orc:2    | HP: 15/91 [warg (8)]
 13063 | Orc:2    | HP: 6/91 [warg (10)]
 13069 | Orc:2    | HP: 18/91 [orc priest/divine providence (15)]
 13076 | Orc:2    | HP: 20/91 [warg (11)]
 13080 | Orc:2    | HP: 5/91 [warg (11)]
 14290 | Orc:1    | Slain by an orc knight

Illustrated notes

Levels and vault maps discovered:
D:1:      evilmike_arrival_fibonacci_small, layout_basic, basic_ecumenical_altar
D:2:      layout_basic
D:3:      layout_loops_ring, old_standard_altar, ebering_ghost_disaster_area
D:4:      layout_rooms
D:5:      layout_gridville
D:6:      layout_rooms, enter_ossuary_5, cheibrodos_sewer_entry_bend,
          eino_tiny_chamber
D:7:      layout_loops_corners, fedhas_bush_and_centaur_altar,
          overflow_temple_1_default, temple_green
D:8:      layout_basic, mainiacjoe_overflow_small_starburst, minivault_14,
          solitary_fountain, corexii_hall_statues_l
D:9:      layout_small_grid, nicolae_ru_great_annihilating_truth,
          nicolae_wu_jian_wuxing_cycle, grunt_ministairs_8, uniq_maggie
D:10:     layout_roguey [special_room_kobold], overflow_temple_1_default,
          grunt_temple_overflow_open, zombieorc2_lemuel
D:11:     layout_basic, erik_lair_island, biasface_ghost_orc_armoury,
          serial_shops, shop, portal_ice_cave_entry_pillars_1, minivault_23
Temple:   hc_temple_tempest_star
Orc:1:    nicolae_orc_accident_1, layout_caves
Orc:2:    st_orc_pillars, layout_caves, basic_altar

Skill      XL: |  1  2  3  4  5  6  7  8  9 10 11 12 |
---------------+-------------------------------------+-----
Fighting       | 1 2 4 5 7 9 |  9.7
Spellcasting   | 3 4 5 6 8 10 | 10.5
Maces & Flails | 5 7 |  7.7
Invocations    | 4 5 |  5.8
Dodging        | |  2.6
Stealth        | |  1.5

Action                     |  1- 3 |  4- 6 |  7- 9 | 10-12 || total
---------------------------+-------+-------+-------+-------++-------
  Melee: Dagger            |     3 |       |       |       ||     3
         Demon whip        |    11 |    29 |    38 |   121 ||   199
         Punch             |       |     1 |       |     4 ||     5
  Throw: Stone             |       |       |       |     2 ||     2
   Cast: Foxfire           |    54 |    88 |   177 |   337 ||   656
         Scorch            |       |    12 |    31 |    81 ||   124
         Kindle Blastspark |       |     1 |     2 |       ||     3
         Call Imp          |       |       |     6 |     3 ||     9
         Flame Wave        |       |       |     6 |    25 ||    31
         Beastly Appendage |       |       |     1 |       ||     1
         Olgreb's Toxic Ra |       |       |       |    18 ||    18
    Use: Scroll            |       |     9 |     5 |     7 ||    21
         Potion            |       |       |       |     7 ||     7
   Stab: Sleeping          |     1 |       |       |       ||     1
         Distracted        |       |       |       |     1 ||     1
 Armour: Robe              |     2 |     5 |     1 |     6 ||    14
         Acid dragon scale |       |       |       |    33 ||    33
         Skin              |       |       |       |     1 ||     1
  Dodge: Dodged            |    10 |    47 |    51 |   247 ||   355

Table legend: (Time is in decaauts)
 A = Elapsed time spent in this place.
 B = Non-inter-level travel time spent in this place.
 C = Inter-level travel time spent in this place.
 D = Time resting spent in this place.
 E = Time spent auto-exploring this place.
 F = Levels seen in this place.
 G = Mean time per level.
                   A        B        C        D        E       F      G
               +--------+--------+--------+--------+--------+-----+--------+
         Total |  14238 |  13425 |    813 |   3333 |   8060 |  15 |  949.2 |
       Dungeon |  11006 |  10239 |    767 |   1839 |   6901 |  11 | 1000.5 |
        Temple |     57 |     32 |     25 |      0 |     28 |   1 |   57.0 |
  Orcish Mines |   2594 |   2574 |     20 |   1397 |    808 |   2 | 1297.0 |
       Ossuary |    579 |    579 |      0 |     97 |    323 |   1 |  579.0 |
               +--------+--------+--------+--------+--------+-----+--------+

Top non-repeatable levels by time:
    D:10: 2051 daAuts
   Orc:2: 1621 daAuts
     D:7: 1321 daAuts
     D:6: 1282 daAuts
     D:9: 1046 daAuts
     D:2: 988 daAuts
     D:5: 983 daAuts
   Orc:1: 972 daAuts
     D:1: 957 daAuts
     D:8: 898 daAuts
     D:3: 729 daAuts
 Ossuary: 579 daAuts
     D:4: 543 daAuts
    D:11: 205 daAuts
  Temple: 57 daAuts

Table legend:
 A = Kills in this place as a percentage of kills in the entire game.
 B = Kills by you in this place as a percentage of kills by you in the entire game.
 C = Kills by friends in this place as a percentage of kills by friends in the entire game.
 D = Other kills in this place as a percentage of other kills in the entire game.
 E = Experience gained in this place as a percentage of experience gained in the entire game.
 F = Experience gained in this place divided by the number of levels of this place that you have seen.
                   A       B       C       D       E      F
               +-------+-------+-------+-------+-------+----------------------
         Total | 100.0 | 100.0 | 100.0 |   N/A | 100.0 | 1459.0
       Dungeon |  70.3 |  70.2 | 100.0 |   N/A |  69.7 | 1387.6
  Orcish Mines |  19.9 |  20.1 |   0.0 |   N/A |  26.9 | 2943.0
       Ossuary |   9.7 |   9.8 |   0.0 |   N/A |   3.4 | 735.0
               +-------+-------+-------+-------+-------+----------------------
